 Dungeon Crawl Stone Soup version 0.26-a0-466-g989023bd0d (webtiles) character file.

Game seed: 8977025790760246518

540010 Infinimo the Conqueror (level 25, -3/231 HPs)
             Began as a Minotaur Fighter on July 29, 2020.
             Was a Believer of Kikubaaqudgha.
             Slain by an acid blob (13 damage)
             ... on level 5 of the Pits of Slime.
             The game lasted 01:22:54 (58104 turns).

Infinimo the Conqueror (Minotaur Fighter)          Turns: 58104, Time: 01:22:54

Health: -3/231     AC: 26    Str: 21    XL:     25   Next: 23%
Magic:  19/19      EV: 10    Int:  5    God:    Kikubaaqudgha [**....]
Gold:   959        SH: 35    Dex: 19    Spells: 24/24 levels left

rFire    + + +     SeeInvis +   T - +9 eveningstar (elec)
rCold    + + +     Faith    .   V - +10 tower shield of Ignorance {rN+ Int-4}
rNeg     + + +     Spirit   .   Z - +9 scales of the Dragon King {rPois rF+ rC+ MR+}
rPois    +         Reflect  .   J - +2 hat {SInv}
rElec    .         Harm     .   Y - scarf {rC+ rF+}
rCorr    +         Clarity  +   S - +2 pair of gloves {Dex+3}
MR       +++++                  H - +0 pair of boots of Incorporation {rPois rN+ MR-}
Stlth    ..........             c - amulet of the Four Winds {rN+ MR+++ Clar}
HPRegen  0.48/turn              R - ring "Buthiol" {rF+ rC+ EV+4}
MPRegen  0.16/turn              r - ring "Duag" {+Blink MR+ rCorr Slay+5}

@: about to teleport, corroded, studying 2 skills
A: retaliatory headbutt, hooves 1, horns 2, berserk 1, clever 2, clumsy 1,
deterioration 2, frail 1, low mp 1, screaming 2, weak 2
}: 2/15 runes: decaying, gossamer
a: Receive Corpses, Renounce Religion, Evoke Blink


You were on level 5 of the Pits of Slime.
You worshipped Kikubaaqudgha.
Kikubaaqudgha was pleased with you.
You visited 10 branches of the dungeon, and saw 50 of its levels.
You also visited: Ice Cave and Wizlab.

You collected 27577 gold pieces.
You spent 16726 gold pieces at shops.
You paid 9892 gold pieces to Gozag.

Inventory:

Hand Weapons
 m - the +10 morningstar "Eos" {elec, Halo rElec}
   (You found it on level 5 of the Dungeon)

   Occasionally, upon striking a foe, it will discharge some electrical energy
   and cause terrible harm.
   It insulates you from electricity.
 T - a +9 eveningstar of electrocution (weapon)
Armour
 H - the +0 pair of boots of Incorporation (worn) {rPois rN+ MR-}
   (You bought it in a shop on level 2 of the Orcish Mines)

   It protects you from poison.
   It protects you from negative energy.
   It affects your resistance to hostile enchantments.
 J - a +2 hat of see invisible (worn)
 S - a +2 pair of gloves of dexterity (worn)
 V - the +10 tower shield of Ignorance (worn) {rN+ Int-4}
   (You found it on level 3 of the Crypt)

   It affects your intelligence (-4).
   It protects you from negative energy.
 Y - a scarf of resistance (worn)
 Z - the +9 scales of the Dragon King (worn) {rPois rF+ rC+ MR+}
   (You bought it in a shop on level 2 of the Vaults)

   It protects you from fire.
   It protects you from cold.
   It protects you from poison.
   It affects your resistance to hostile enchantments.
Jewellery
 c - the amulet of the Four Winds (around neck) {rN+ MR+++ Clar}
   (You bought it in a shop on level 3 of the Crypt)

   [amulet of nothing]

   It protects you from negative energy.
   It affects your resistance to hostile enchantments.
   It protects you against confusion.
 k - the ring "Watouloc" {Str+7 Int+6}
   (You acquired it on level 4 of the Vaults)

   [ring of intelligence]

   It affects your strength (+7).
   It affects your intelligence (+6).
 r - the ring "Duag" (right hand) {+Blink MR+ rCorr Slay+5}
   (You bought it in a shop on level 3 of the Vaults)

   [ring of resist corrosion]

   It affects your accuracy and damage with ranged weapons and melee attacks
   (+5).
   It affects your resistance to hostile enchantments.
   It lets you blink.
   It provides partial protection from all sources of acid and corrosion.
 M - the ring of Horopn {*Contam rElec rC+ rN++ Dex+3}
   (You found it on level 15 of the Dungeon)

   [ring of protection from cold]

   It affects your dexterity (+3).
   It protects you from cold.
   It insulates you from electricity.
   It greatly protects you from negative energy.
   It causes magical contamination when unequipped.
 R - the ring "Buthiol" (left hand) {rF+ rC+ EV+4}
   (You acquired it in a wizard's laboratory)

   [ring of evasion]

   It affects your evasion (+4).
   It protects you from fire.
   It protects you from cold.
Wands
 a - a wand of acid (31)
 b - a wand of iceblast (46)
 D - a wand of disintegration (21)
 E - a wand of digging (6)
Scrolls
 e - 20 scrolls of remove curse
 j - 22 scrolls of identify
 n - 24 scrolls of teleportation
 s - 6 scrolls of enchant weapon
 u - 6 scrolls of magic mapping
 v - 5 scrolls of enchant armour
 x - 4 scrolls of holy word
 y - 3 scrolls of silence
 C - 9 scrolls of amnesia
 F - 15 scrolls of blinking
 G - a scroll of brand weapon
 I - 2 scrolls of fog
 N - a scroll of summoning
 O - 7 scrolls of fear
Potions
 d - 12 potions of might
 f - 19 potions of curing
 g - 9 potions of flight
 h - 11 potions of lignification
 i - a potion of brilliance
 l - 4 potions of haste
 o - 3 potions of invisibility
 p - 8 potions of heal wounds
 q - 4 potions of resistance
 z - a potion of magic
 A - 4 potions of ambrosia
 Q - a potion of mutation
 U - a potion of berserk rage
Books
 t - a manual of Translocations
 L - a manual of Dodging


   Skills:
 O Level 27 Fighting
 O Level 27 Maces & Flails
 + Level 24.2 Armour
 + Level 24.2 Shields


You had 24 spell levels left.
You didn't know any spells.
Your spell library contained the following spells:

 Spells                   Type           Power        Failure   Level
 Animate Skeleton         Necr           #.....       100%        1
 Apportation              Tloc           #.....       100%        1
 Corona                   Hex            #......      100%        1
 Foxfire                  Conj/Fire      #...         100%        1
 Freeze                   Ice            #...         100%        1
 Magic Dart               Conj           #...         100%        1
 Pain                     Necr           #...         100%        1
 Sandblast                Erth           #.....       100%        1
 Shock                    Conj/Air       #...         100%        1
 Sting                    Tmut/Pois      #...         100%        1
 Summon Small Mammal      Summ           #...         100%        1
 Blink                    Tloc           N/A          100%        2
 Call Imp                 Summ           #.......     100%        2
 Ensorcelled Hibernation  Hex/Ice        #.....       100%        2
 Passwall                 Tmut/Erth      #.......     100%        2
 Poisonous Vapours        Pois/Air       #.....       100%        2
 Slow                     Hex            #.......     100%        2
 Sublimation of Blood     Necr           #.........   100%        2
 Swiftness                Air            #.......     100%        2
 Call Canine Familiar     Summ           #.......     100%        3
 Confusing Touch          Hex            #.......     100%        3
 Conjure Flame            Conj/Fire      #.......     100%        3
 Dazzling Flash           Conj/Hex       #.....       100%        3
 Gell's Gravitas          Tloc           #.........   100%        3
 Ignite Poison            Fire/Tmut/Pois #.......     100%        3
 Lesser Beckoning         Tloc           #.........   100%        3
 Mephitic Cloud           Conj/Pois/Air  #.......     100%        3
 Ozocubu's Armour         Ice            #.......     100%        3
 Spider Form              Tmut/Pois      #.........   100%        3
 Static Discharge         Conj/Air       #.......     100%        3
 Stone Arrow              Conj/Erth      #.....       100%        3
 Summon Guardian Golem    Hex/Summ       #.......     100%        3
 Teleport Other           Tloc           #.......     100%        3
 Tukima's Dance           Hex            #.......     100%        3
 Vampiric Draining        Necr           #.........   100%        3
 Airstrike                Air            #.........   100%        4
 Animate Dead             Necr           #.........   100%        4
 Cause Fear               Hex            #.........   100%        4
 Olgreb's Toxic Radiance  Pois           #.......     100%        4
 Passage of Golubria      Tloc           N/A          100%        4
 Petrify                  Tmut/Erth      #.......     100%        4
 Summon Ice Beast         Ice/Summ       #.......     100%        4
 Summon Lightning Spire   Summ/Air       #.......     100%        4
 Agony                    Necr           #.......     100%        5
 Alistair's Intoxication  Tmut/Pois      #........    100%        5
 Bolt of Magma            Conj/Fire/Erth #.........   100%        5
 Irradiate                Conj/Tmut      #.........   100%        5
 Iskenderun's Battlesphe  Conj           #.......     100%        5
 Lee's Rapid Deconstruct  Erth           #.........   100%        5
 Lightning Bolt           Conj/Air       #.........   100%        5
 Metabolic Englaciation   Hex/Ice        #.........   100%        5
 Silence                  Hex/Air        #.........   100%        5
 Summon Demon             Summ           #.........   100%        5
 Summon Forest            Summ/Tloc      #.........   100%        5
 Summon Mana Viper        Hex/Summ       #.......     100%        5
 Yara's Violent Unravell  Hex/Tmut       #.........   100%        5
 Conjure Ball Lightning   Conj/Air       #.........   100%        6
 Freezing Cloud           Conj/Ice/Air   #.........   100%        6
 Hydra Form               Tmut           #.........   100%        6
 Iron Shot                Conj/Erth      #.........   100%        6
 Shadow Creatures         Summ           N/A          100%        6
 Statue Form              Tmut/Erth      #........    100%        6
 Dragon Form              Tmut           #.........   100%        7
 Orb of Destruction       Conj           #.........   100%        7
 Spellforged Servitor     Conj/Summ      #.........   100%        7
 Summon Hydra             Summ           #.........   100%        7
 Dragon's Call            Summ           #.........   100%        9
 Tornado                  Air            #.........   100%        9


Dungeon Overview and Level Annotations

Branches:
Dungeon (15/15)            Temple (1/1) D:4            Lair (6/6) D:11
  Swamp (4/4) Lair:4       Spider (4/4) Lair:3        Slime (5/5) Lair:5
    Orc (2/2) D:11            Elf (0/3) Orc:2        Vaults (5/5) D:13
  Crypt (3/3) Vaults:3       Tomb (0/3) Crypt:3      Depths (5/5) D:15
    Zot (0/5) Depths:5      IceCv (visited)          WizLab (visited)

Altars:
Ashenzari
Cheibriados
Dithmenos
Elyvilon
Fedhas
Gozag
Hepliaklqana
Kikubaaqudgha
Makhleb
Nemelex Xobeh
Okawaru
Qazlal
Ru
Sif Muna
Trog
Uskayaw
Vehumet
Wu Jian
Xom
Yredelemnul
Zin
The Shining One
Jiyva

Shops:
D:4 [   D:8 **?   D:9 =   D:11 (   D:15 *[}   Orc:2 ([[**:   Lair:3 (
Vaults:1 (*   Vaults:2 [([?   Vaults:3 =   Vaults:4 [   Crypt:3 =   Depths:1 ::
Depths:3 ?

Portals:
Hell: Depths:1 Depths:2 Depths:3 Depths:4 Depths:5
Abyss: Depths:2 Depths:3 Depths:4
Pandemonium: Depths:2 Depths:3 Depths:5
Ziggurat: Depths:4
Trove: Depths:4 (give 7 scrolls of fog)

Annotations:
Slime:5 Royal Jelly
Depths:3 exclusion: obsidian statue


Innate Abilities, Weirdness & Mutations

You reflexively headbutt those who attack you in melee.
You have a pair of horns on your head.
You have large cloven feet.
You tend to lose your temper in combat.
Your mind is very acute. (Int +4)
You are clumsy. (Dex -2)
Your body often deteriorates upon taking damage.
You are frail. (-10% HP)
Your magical capacity is low. (-10% MP)
You sometimes yell uncontrollably at your foes.
You are very weak. (Str -4)


Message History

You block the azure jelly's attack. x3
The acid blob spits acid at you.
You are splashed with acid.
You resist.
* * * LOW HITPOINT WARNING * * *
You block the azure jelly's attack. Gozag petitions for your drink to fail.
The acid blob spits acid at you.
You are splashed with acid!
You resist.
* * * LOW HITPOINT WARNING * * *
You block the acid blob's attack. x2
The acid blob spits acid at you. You resist.
You are splashed with acid.
You resist.
* * * LOW HITPOINT WARNING * * *
The acid blob hits you!
* * * LOW HITPOINT WARNING * * *
You are splashed with acid.
You resist.
* * * LOW HITPOINT WARNING * * *
You block the azure jelly's attack. The acid blob hits you!
You die...
Kikubaaqudgha rasps: "You have failed me!
Welcome... death!"

...............
........................
........................
........................
........................
........................
................JG......
...............JJJG.....
..............JJ@JJ.....
............##JJJJG##...
............#####J##
..........### .#
..........# ##
........### ........#
........# ........#


You could see 7 acid blobs, 4 azure jellies, 3 shining eyes and 2 death oozes.

Vanquished Creatures
  Dissolution (Slime:4)
  4 ancient liches
  A juggernaut (Depths:3)
  A greater mummy (Crypt:3)
  The ghost of Tetivy the Metallomancer, an adept GrEE of Vehumet (Vaults:2)
  the Lernaean hydra (Swamp:4)
  2 caustic shrikes
  Jory (Depths:3)
  the Enchantress (Depths:2)
  An Ice Fiend (IceCv)
  The ghost of Pyinoph the Spawn of Chaos, an adept DDFi of Makhleb (Vaults:1)
  2 tentacled monstrosities
  11 liches
  A quicksilver dragon (Depths:4)
  8 acid blobs
  4 sphinxes
  Kirke (D:15)
  A thorn hunter (Swamp:3)
  2 ancient champions (Crypt:2)
  6 shadow dragons
  2 tengu reavers
  Roxanne (Swamp:1)
  A shadow dragon (shapeshifter) (Depths:2)
  4 storm dragons
  A revenant (Crypt:1)
  12 fire giants
  2 azure jellies
  11 frost giants
  5 vault wardens
  A balrug (Depths:2)
  Aizul (Swamp:4)
  A deep elf sorcerer (Depths:2)
  10 ghouls
  7 ghost moths
  A draconian scorcher (Depths:5)
  6 curse skulls
  A draconian annihilator (Depths:5)
  2 orc warlords (Orc:1)
  6 spriggan defenders
  A deep elf elementalist (Vaults:3)
  16 ironheart preservers
  5 emperor scorpions
  19 stone giants
  A juggernaut skeleton (Crypt:1)
  A reaper (Crypt:3)
  18 very ugly things
  A green draconian (Depths:5)
  10 vampire knights
  2 deep elf demonologists
  6 entropy weavers
  2 black draconians (Depths:5)
  A spark wasp (Depths:2)
  2 deep elf annihilators
  A dire elephant (Lair:4)
  16 eidola
  6 deep elf death magi
  12 ettins
  10 fire dragons
  2 merfolk impalers (Depths:1)
  A quicksilver dragon zombie (Depths:1)
  21 ogre magi
  2 jiangshi (Crypt:1)
  3 mummy priests (WizLab)
  A deep elf high priest (Depths:4)
  11 great orbs of eyes
  6 rakshasas
  A naga warrior (D:15)
  20 yaktaur captains
  A quicksilver dragon skeleton (Crypt:3)
  10 ice dragons
  19 hydras
  6 vault guards
  A hydra (shapeshifter) (Depths:3)
  2 shambling mangroves
  15 centaur warriors
  2 catoblepae (D:15)
  6 spriggan air magi
  8 ghost crabs
  An anaconda (shapeshifter) (Depths:3)
  52 two-headed ogres
  9 alligators
  5 death yaks (Lair:6)
  2 death knights
  6 tengu warriors
  A queen ant (shapeshifter) (Vaults:2)
  14 deep troll earth magi
  3 vampire magi
  12 deep troll shamans
  4 spriggan berserkers
  Urug (D:10)
  5 orc high priests (Orc:2)
  2 deep elf knights
  3 titan zombies
  7 soul eaters (Crypt:3)
  A storm dragon zombie (Crypt:3)
  2 sun demons (Depths:2)
  2 titan skeletons (Crypt:3)
  6 flayed ghosts
  17 hell knights
  A sixfirhy (Depths:5)
  An iron troll (Depths:3)
  3 shadow wraiths
  4 spriggan druids
  4 unseen horrors
  A spark wasp zombie (WizLab)
  3 fire crabs (shapeshifter)
  38 deep trolls
  3 glowing orange brains
  16 skeletal warriors
  9 swamp dragons
  An unseen horror (shapeshifter) (Depths:2)
  An anaconda zombie (Crypt:3)
  6 deep elf archers
  An entropy weaver zombie (Crypt:1)
  A quicksilver dragon simulacrum (Crypt:1)
  2 golden dragon skeletons (Crypt:3)
  An orange crystal statue (Vaults:3)
  An obsidian statue (Vaults:1)
  2 wizards (Vaults:4)
  A lindwurm (Lair:6)
  26 necromancers
  9 ironbrand convokers
  Pikel (D:7)
  A harpy (shapeshifter) (Depths:5)
  9 phantasmal warriors
  36 ugly things
  8 harpies
  2 shadow dragon zombies (Crypt:3)
  3 iron dragon zombies (Crypt:3)
  12 orb spiders
  2 frost giant zombies
  10 orc knights
  35 wolf spiders
  77 slime creatures
  A shining eye (shapeshifter) (Depths:3)
  3 wolf spider zombies
  10 deep elf magi
  6 orc sorcerers
  4 fire giant zombies
  9 shining eyes
  8 manticores
  A salamander (D:15)
  3 moths of wrath
  9 cyclopes
  3 stone giant zombies
  A manticore (shapeshifter) (D:13)
  A salamander (shapeshifter) (Depths:3)
  17 elephants (Lair:4)
  9 black mambas
  Joseph (D:8)
  12 vault sentinels
  A stone giant skeleton (Crypt:2)
  2 guardian serpents (D:15)
  An iron dragon skeleton (Crypt:2)
  4 apocalypse crabs (Swamp:1)
  An eye of devastation (Slime:5)
  2 rust devils (Depths:5)
  A frost giant skeleton (Crypt:1)
  A smoke demon (Depths:5)
  3 ice statues (IceCv)
  2 naga magi
  A demonspawn zombie (WizLab)
  A gargoyle (D:15)
  A pale draconian zombie (Crypt:1)
  A cane toad (shapeshifter) (Vaults:2)
  A fire giant skeleton (Depths:1)
  14 cane toads
  An eye of devastation (shapeshifter) (Depths:3)
  A shock serpent skeleton (Crypt:3)
  A spriggan skeleton (Depths:1)
  An orange demon (Depths:5)
  58 yaktaurs
  A rime drake (Lair:4)
  6 demonic crawlers
  A tormentor (Depths:5)
  7 komodo dragons
  2 anaconda simulacra (IceCv)
  A kobold demonologist (D:15)
  3 yaktaur zombies
  13 hellwings (Crypt:3)
  3 rime drakes (shapeshifter)
  An efreet (D:14)
  3 guardian mummies
  7 tengu conjurers
  12 ice devils (IceCv)
  15 freezing wraiths
  A golden dragon simulacrum (IceCv)
  A jumping spider (shapeshifter) (Vaults:1)
  3 trolls
  3 hydra zombies
  A polar bear (shapeshifter) (D:15)
  A queen bee (shapeshifter) (Depths:1)
  2 harpy zombies (Crypt:3)
  7 polar bears
  3 deep troll zombies (WizLab)
  Prince Ribbit (D:5)
  35 jumping spiders
  26 hornets
  4 hydra skeletons
  A harpy skeleton (Crypt:3)
  A merfolk (shapeshifter) (Vaults:2)
  19 bog bodies
  2 tyrant leeches
  A meliai zombie (D:13)
  An ettin zombie (WizLab)
  13 blink frogs
  A fire giant simulacrum (Depths:1)
  2 frost giant simulacra
  10 hippogriffs
  An iron dragon simulacrum (Crypt:2)
  A raiju (shapeshifter) (Depths:4)
  3 fire dragon zombies
  3 ice dragon zombies
  A centaur simulacrum (D:14)
  5 dream sheep
  8 water elementals
  75 redbacks
  17 spriggans
  2 fire dragon skeletons (Crypt:3)
  2 spriggans (shapeshifter)
  A vampire (D:13)
  2 shadows
  17 flying skulls (Crypt:1)
  An alligator skeleton (Crypt:3)
  3 hogs (shapeshifter) (Depths:3)
  33 tarantellas
  40 yaks
  9 wraiths
  A wyvern (Lair:3)
  An ushabti (Crypt:3)
  A black mamba skeleton (Crypt:2)
  2 dire elephant simulacra (IceCv)
  5 golden eyes (Slime:3)
  10 vampire mosquitoes
  A human (shapeshifter) (D:13)
  4 basilisks
  2 harpy simulacra (IceCv)
  An iron troll simulacrum (IceCv)
  A naga (D:15)
  6 insubstantial wisps (Swamp:3)
  16 swamp worms
  An acid dragon (D:15)
  A cane toad zombie (Crypt:1)
  A hydra simulacrum (IceCv)
  5 wargs
  2 human skeletons
  2 floating eyes (shapeshifter)
  17 water moccasins
  A monstrous demonspawn skeleton (Crypt:2)
  8 swamp drakes (Swamp:4)
  2 floating eyes (D:15)
  48 orc warriors
  4 porcupines
  3 eyes of draining
  A hornet zombie (D:9)
  A snapping turtle zombie (Crypt:1)
  2 sky beasts
  4 necrophages
  38 ogres
  2 phantoms
  4 black bears
  An ettin simulacrum (IceCv)
  2 ice beasts
  A manticore zombie (Crypt:2)
  12 boggarts
  61 wolves
  A snapping turtle skeleton (Crypt:1)
  12 centaurs
  13 crocodiles
  An elephant skeleton (Crypt:2)
  A lemure (D:7)
  A lindwurm skeleton (Crypt:1)
  4 big kobolds
  17 bullfrogs
  A cyclops zombie (Crypt:1)
  4 scorpions
  9 wyvern skeletons
  A scorpion (shapeshifter) (Depths:3)
  A water moccasin skeleton (D:6)
  A hornet simulacrum (D:15)
  A queen bee zombie (Crypt:2)
  16 killer bees
  2 electric eels (Spider:1)
  4 wights (D:11)
  A crimson imp (Depths:5)
  A howler monkey (D:13)
  A bullfrog zombie (Crypt:1)
  3 centaur zombies
  A human simulacrum (Vaults:3)
  A quasit (Depths:3)
  2 jellies
  A yaktaur simulacrum (Vaults:1)
  An iron imp (Depths:3)
  9 hounds
  28 orc priests
  Crazy Yiuf (D:5)
  3 bullfrog skeletons
  3 iguanas
  4 centaur skeletons
  40 orc wizards
  12 worker ants
  A killer bee zombie (D:6)
  An ogre skeleton (Crypt:1)
  2 hound skeletons
  A mummy (Crypt:3)
  Robin (D:3)
  12 gnolls
  11 adders
  2 howler monkey skeletons
  5 shadow imps
  8 white imps
  4 ufetubi
  2 adder skeletons
  5 worms
  A dart slug (D:3)
  5 leopard geckos
  133 orcs
  3 ball pythons
  3 giant cockroaches
  3 hobgoblins
  3 jackals (D:2)
  21 kobolds
  A quokka (D:6)
  8 bats
  5 frilled lizards
  15 goblins
  A jackal skeleton (D:4)
  A jackal zombie (D:5)
  2 leopard gecko skeletons (D:4)
  A quokka skeleton (D:4)
  5 rats
  2 briar patches (Swamp:3)
  2 butterflies (Lair:3)
  A fungus (Lair:6)
  3 withered plants
2266 creatures vanquished.

Vanquished Creatures (others)
  A spriggan druid (Swamp:1)
  A necromancer (Crypt:1)
  A bog body (Swamp:3)
  3 humans (D:15)
  An orc wizard (Orc:2)
  An orc (Orc:2)
  11 fungi
  45 plants
  24 withered plants
88 creatures vanquished.

Grand Total: 2354 creatures vanquished

Notes
Turn   | Place    | Note
-------+----------+-------------------------------------------
     0 | D:1      | Infinimo the Minotaur Fighter began the quest for the Orb.
     0 | D:1      | Reached XP level 1. HP: 19/19 MP: 0/0
   732 | D:2      | Reached XP level 2. HP: 19/27 MP: 1/1
   959 | D:2      | Reached XP level 3. HP: 33/33 MP: 2/2
  1595 | D:3      | Reached XP level 4. HP: 40/40 MP: 3/3
  1928 | D:3      | Noticed Robin
  1970 | D:3      | Killed Robin
  1970 | D:3      | Reached XP level 5. HP: 30/47 MP: 4/4
  2378 | D:3      | Found a faded altar of an unknown god.
  2925 | D:3      | Reached skill level 5 in Maces & Flails
  3257 | D:4      | Found a staircase to the Ecumenical Temple.
  3394 | Temple   | Entered the Ecumenical Temple
  3675 | Temple   | Became a worshipper of Gozag Ym Sagoz the Greedy
  3726 | D:4      | Reached XP level 6. HP: 39/55 MP: 5/5
  3739 | D:3      | Reached skill level 5 in Armour
  3902 | D:3      | Reached skill level 5 in Shields
  4062 | D:4      | Reached skill level 5 in Fighting
  4247 | D:4      | Found Bimnaqug's Armour Shop.
  4313 | D:4      | Reached XP level 7. HP: 59/61 MP: 6/6
  4619 | D:5      | Entered Level 5 of the Dungeon
  4929 | D:5      | Noticed Prince Ribbit
  4948 | D:5      | Killed Prince Ribbit
  5164 | D:5      | Reached XP level 8. HP: 70/70 MP: 7/7
  5718 | D:5      | Found the +10 morningstar "Eos" {elec, Halo rElec}
  5724 | D:5      | Found a runed translucent door.
  5725 | D:5      | Noticed Crazy Yiuf
  5845 | D:5      | Found a shimmering blue altar of Sif Muna.
  5940 | D:5      | Killed Crazy Yiuf
  6098 | D:5      | Identified the +3 mace "Jungithru" {vorpal, MP+9 Str+3
                  | Int+4} (You found it on level 5 of the Dungeon)
  7025 | D:7      | Noticed Pikel
  7032 | D:7      | Killed Pikel
  7032 | D:7      | Reached XP level 9. HP: 71/79 MP: 8/8
  7135 | D:7      | Reached skill level 10 in Maces & Flails
  7168 | D:7      | You fall into a shaft and drop 2 floors!
  7737 | D:8      | Noticed a two-headed ogre
  7743 | D:8      | Killed a two-headed ogre
  7743 | D:8      | Reached XP level 10. HP: 69/90 MP: 9/9
  7837 | D:8      | Found Ifreghof's General Store.
  7844 | D:8      | Bought a potion of heal wounds for 50 gold pieces
  7856 | D:8      | Noticed Joseph
  7866 | D:8      | Killed Joseph
  8231 | D:8      | Found a sparkling altar of Nemelex Xobeh.
  8284 | D:8      | Found Leit Ujec's Assorted Antiques.
  8291 | D:8      | Bought a scroll of teleportation for 63 gold pieces
  8291 | D:8      | Bought a scroll labeled MOYSHRO VEOTA for 21 gold pieces
  8291 | D:8      | Bought a ruby ring for 105 gold pieces
  8571 | D:8      | Found Megycyz's Magic Scroll Boutique.
  8574 | D:8      | Bought 2 scrolls of teleportation for 84 gold pieces
  8574 | D:8      | Bought a scroll of teleportation for 42 gold pieces
  8731 | D:9      | Found Melagaco's Jewellery Shoppe.
  8734 | D:9      | Bought an uncursed amulet of regeneration for 390 gold
                  | pieces
  8768 | D:9      | Found a hide-covered altar of Uskayaw.
  9250 | D:10     | Entered Level 10 of the Dungeon
  9615 | D:10     | Noticed Urug
  9624 | D:10     | Killed Urug
 10063 | D:11     | Reached XP level 11. HP: 99/99 MP: 10/10
 10195 | D:11     | Found a staircase to the Orcish Mines.
 10196 | D:11     | Noticed a green ugly thing
 10235 | D:11     | Killed a green ugly thing
 10298 | D:11     | Found Peg Goiph's Antique Weapon Shop.
 10304 | D:11     | Reached skill level 10 in Armour
 10304 | D:11     | Reached skill level 10 in Shields
 10375 | D:11     | Reached skill level 10 in Fighting
 10468 | D:11     | Found a staircase to the Lair.
 11054 | D:12     | Noticed an unseen horror
 11060 | D:12     | Killed an unseen horror
 11671 | Lair:1   | Entered Level 1 of the Lair of Beasts
 12028 | Lair:1   | Reached XP level 12. HP: 103/110 MP: 11/11
 13116 | Lair:3   | Reached skill level 15 in Maces & Flails
 13423 | Lair:3   | Found a hole to the Spider Nest.
 14161 | Lair:4   | Noticed a dire elephant
 14187 | Lair:4   | Killed a dire elephant
 14187 | Lair:4   | Reached XP level 13. HP: 40/118 MP: 12/12
 14635 | Lair:4   | Found a staircase to the Swamp.
 15351 | Lair:5   | Found a staircase to the Slime Pits.
 15351 | Lair:5   | Found a viscous altar of Jiyva.
 15975 | Lair:6   | Entered Level 6 of the Lair of Beasts
 16157 | Lair:6   | Reached XP level 14. HP: 84/129 MP: 13/13
 17171 | Orc:1    | Entered Level 1 of the Orcish Mines
 17231 | Orc:1    | Noticed an orc warlord
 17260 | Orc:1    | Killed an orc warlord
 17897 | Orc:1    | Found a flagged portal.
 18014 | Orc:2    | Entered Level 2 of the Orcish Mines
 18068 | Orc:2    | Noticed an orc warlord
 18070 | Orc:2    | Paralysed by an orc sorcerer for 7 turns
 18410 | Orc:1    | Killed an orc warlord
 19292 | Orc:2    | Found a staircase to the Elven Halls.
 19633 | Orc:2    | Found Eretryeh's Antique Armour Shoppe.
 19634 | Orc:2    | Found Xisore's Antique Weapon Emporium.
 19635 | Orc:2    | Found Koculoiwk's General Store.
 19635 | Orc:2    | Found Ywnieg's Book Shoppe.
 19639 | Orc:2    | Bought a potion of curing for 39 gold pieces
 19701 | Orc:2    | Bought the +8 orange crystal plate armour {Archmagi, Int+3
                  | Clar} for 4913 gold pieces
 19701 | Orc:2    | Found the +8 orange crystal plate armour {Archmagi, Int+3
                  | Clar}
 19834 | D:13     | Reached XP level 15. HP: 134/139 MP: 14/14
 20091 | D:13     | Found a gate to the Vaults.
 21357 | D:15     | Entered Level 15 of the Dungeon
 21402 | D:15     | Got a slimy bone ring
 21483 | D:15     | Found Roeshobb's Gadget Emporium.
 21565 | D:15     | Reached skill level 15 in Armour
 21587 | D:15     | Got a scintillating iron ring
 21626 | D:15     | Reached skill level 15 in Fighting
 21626 | D:15     | Reached skill level 15 in Shields
 21661 | D:15     | Found Satidwa's General Store.
 21776 | D:15     | Got a heavily runed silver ring
 21850 | D:15     | Found Gillemar's Armour Emporium.
 21886 | D:15     | Noticed a storm dragon
 21895 | D:15     | Killed a storm dragon
 22072 | D:15     | Reached XP level 16. HP: 110/149 MP: 15/15
 22166 | D:15     | Found a staircase to the Depths.
 22166 | D:15     | Found a transporter.
 22184 | D:15     | Found a transporter.
 22265 | D:15     | Noticed Kirke
 22273 | D:15     | Killed Kirke
 22546 | Orc:2    | Bought a pair of glowing gloves for 255 gold pieces
 22546 | Orc:2    | Bought a transparent plate armour for 952 gold pieces
 22546 | Orc:2    | Bought a pair of slimy boots for 323 gold pieces
 22546 | Orc:2    | Bought a pair of translucent boots for 323 gold pieces
 22557 | Orc:2    | Identified the +0 pair of boots of Incorporation {rPois rN+
                  | MR-} (You bought it in a shop on level 2 of the Orcish
                  | Mines)
 22567 | Orc:2    | Identified the +2 pair of boots of Charity {rF+ Dex+2} (You
                  | bought it in a shop on level 2 of the Orcish Mines)
 22578 | Orc:2    | Identified the cursed +1 plate armour "Tasomneg" {rF+ Dex+4
                  | Stlth+} (You bought it in a shop on level 2 of the Orcish
                  | Mines)
 22603 | Orc:2    | Identified the ring of Balance {*Tele rC+ rN+ MP+9 Dex+4}
                  | (You found it on level 15 of the Dungeon)
 22605 | Orc:2    | Identified the ring of Reizxesm {Fire rPois} (You found it
                  | on level 15 of the Dungeon)
 22607 | Orc:2    | Identified the ring of Horopn {*Contam rElec rC+ rN++
                  | Dex+3} (You found it on level 15 of the Dungeon)
 22771 | Swamp:1  | Entered Level 1 of the Swamp
 22771 | Swamp:1  | Identified Roxanne's Volume of Earth
 22771 | Swamp:1  | Noticed Roxanne
 23626 | Spider:1 | Entered Level 1 of the Spider Nest
 24127 | Spider:1 | You fall into a shaft and drop 1 floor!
 26120 | Spider:3 | Paralysed by a hornet for 2 turns
 26463 | Spider:3 | Reached XP level 17. HP: 138/159 MP: 16/16
 26613 | Spider:4 | Entered Level 4 of the Spider Nest
 27672 | Spider:4 | Got a gossamer rune of Zot
 28080 | Swamp:1  | Killed Roxanne
 28484 | Swamp:1  | Found a runed translucent door.
 28874 | Swamp:1  | You fall into a shaft and drop 1 floor!
 30030 | Swamp:1  | Identified the Catalogue of Nocuous Ice
 30033 | Swamp:1  | Identified the +1 plate armour of Unambiguity {rPois} (You
                  | found it on level 1 of the Swamp)
 30700 | Swamp:3  | Reached XP level 18. HP: 171/171 MP: 17/17
 30836 | Swamp:4  | Entered Level 4 of the Swamp
 30846 | Swamp:4  | Found a frozen archway.
 30850 | IceCv    | Entered an ice cave
 31272 | IceCv    | Noticed an Ice Fiend
 31282 | IceCv    | Killed an Ice Fiend
 31419 | Swamp:4  | Identified a scroll of acquirement
 31419 | Swamp:4  | Acquired a manual of Fighting
 31458 | Swamp:4  | Noticed Aizul
 31477 | Swamp:4  | Killed Aizul
 32291 | Swamp:4  | Noticed the 27-headed Lernaean hydra
 32297 | Swamp:4  | Killed the 27-headed Lernaean hydra
 32367 | Swamp:4  | Got a decaying rune of Zot
 33309 | Depths:1 | Entered Level 1 of the Depths
 33805 | Depths:1 | Found Lyhiung's Book Shop.
 33805 | Depths:1 | Found Iloqugg's Book Boutique.
 33857 | Depths:1 | Found a shattered altar of Ashenzari.
 33991 | Depths:1 | Found a gateway to Hell.
 34713 | Depths:2 | Reached XP level 19. HP: 169/187 MP: 18/18
 34868 | Depths:2 | Noticed the Enchantress
 35194 | Depths:2 | Killed the Enchantress
 35362 | Depths:2 | Identified the ring "Bebos" {*Tele rPois rF+}
 35833 | Depths:2 | Noticed a caustic shrike
 35844 | Depths:2 | Killed a caustic shrike
 36334 | Depths:2 | Identified the +6 scale mail "Fapula Eren" {rN+ rCorr}
 36572 | Depths:2 | Reached XP level 20. HP: 197/202 MP: 19/19
 36666 | Depths:2 | Found a one-way gate to the infinite horrors of the Abyss.
 36983 | Depths:2 | Found a one-way gate leading to the halls of Pandemonium.
 37314 | Depths:3 | Noticed a caustic shrike
 37329 | Depths:3 | Killed a caustic shrike
 37333 | Depths:3 | Paralysed by a vampire knight for 6 turns
 38120 | Depths:3 | Paralysed by a great orb of eyes for 4 turns
 38308 | Depths:3 | Found Woc Daurr's Magic Scroll Emporium.
 38420 | Depths:3 | Bought a scroll of teleportation for 39 gold pieces
 38537 | Depths:3 | Noticed Jory
 38553 | Depths:3 | Killed Jory
 38940 | Depths:3 | Noticed a juggernaut
 38951 | Depths:3 | Killed a juggernaut
 39054 | Depths:4 | Noticed an ancient lich
 39055 | Depths:4 | Found a gateway to a ziggurat.
 39146 | Depths:4 | Found a portal to a secret trove of treasure.
 39239 | Depths:4 | Found a magical portal.
 39250 | WizLab   | Entered Doroklohe's Tomb
 39482 | WizLab   | Noticed an ancient lich
 39501 | WizLab   | Killed an ancient lich
 39501 | WizLab   | Reached XP level 21. HP: 136/214 MP: 20/20
 39981 | WizLab   | Acquired the ring "Buthiol" {rF+ rC+ EV+4}
 40236 | Depths:4 | Killed an ancient lich
 40771 | Depths:4 | Acquired a manual of Translocations
 40907 | Depths:4 | Identified the +8 glaive of Aticuem {holy, rC+ Int-5 Dex+2}
 40908 | Depths:4 | Noticed an ancient lich
 40925 | Depths:4 | Killed an ancient lich
 41372 | Depths:5 | Entered Level 5 of the Depths
 42104 | Depths:5 | Found a gate to the Realm of Zot.
 42407 | Depths:5 | Reached XP level 22. HP: 225/226 MP: 21/21
 43554 | Vaults:1 | Entered Level 1 of the Vaults
 43634 | Vaults:1 | Found Zosseff's Antique Weapon Shoppe.
 43650 | Vaults:1 | Found a runed translucent gate.
 43651 | Vaults:1 | Found a runed translucent gate.
 43651 | Vaults:1 | Found an opulent altar of Gozag.
 43652 | Vaults:1 | Found a runed translucent gate.
 43653 | Vaults:1 | Found Huanosuw's Assorted Antiques.
 43653 | Vaults:1 | Noticed Pyinoph's ghost (adept DDFi)
 43712 | Vaults:1 | Killed Pyinoph's ghost
 44332 | Vaults:1 | Bought 3 scrolls of teleportation for 252 gold pieces
 44332 | Vaults:1 | Bought a scroll of teleportation for 84 gold pieces
 44332 | Vaults:1 | Bought a scroll of teleportation for 84 gold pieces
 46443 | Vaults:2 | Found a runed translucent door.
 46443 | Vaults:2 | Noticed Tetivy's ghost (adept GrEE)
 46519 | Vaults:2 | Reached XP level 23. HP: 237/237 MP: 22/22
 46673 | Vaults:2 | Killed Tetivy's ghost
 46758 | Vaults:2 | Acquired the +8 whip "Snakebite" {curare, rPois}
 46759 | Vaults:2 | Found the +8 whip "Snakebite" {curare, rPois}
 46772 | Vaults:2 | Bought an ichor-stained hat for 270 gold pieces
 46772 | Vaults:2 | Bought a runed cloak for 225 gold pieces
 46772 | Vaults:2 | Bought a glowing cloak for 225 gold pieces
 46778 | Vaults:2 | Identified the +2 hat of Yfrurph {rC+ rCorr Int-3} (You
                  | bought it in a shop on level 2 of the Vaults)
 46800 | Vaults:2 | Bought a scroll of teleportation for 63 gold pieces
 46800 | Vaults:2 | Bought a scroll of teleportation for 63 gold pieces
 46800 | Vaults:2 | Bought a scroll of enchant armour for 157 gold pieces
 46806 | Vaults:2 | Bought the +9 scales of the Dragon King {rPois rF+ rC+ MR+}
                  | for 5616 gold pieces
 46806 | Vaults:2 | Found the +9 scales of the Dragon King {rPois rF+ rC+ MR+}
 46806 | Vaults:2 | Bought a pair of runed gloves for 337 gold pieces
 46806 | Vaults:2 | Bought a runed scarf for 360 gold pieces
 47840 | Vaults:3 | Found Hextotz's Jewellery Shop.
 47848 | Vaults:3 | Bought the ring "Duag" {+Blink MR+ rCorr Slay+5} for 727
                  | gold pieces
 48128 | Vaults:3 | Found a staircase to the Crypt.
 48128 | Vaults:3 | Found a basalt altar of Yredelemnul.
 48129 | Vaults:3 | Found an ancient bone altar of Kikubaaqudgha.
 48672 | Vaults:4 | Found Vimou's Armour Boutique.
 48878 | Vaults:4 | Reached skill level 27 in Fighting
 49326 | Vaults:4 | Found a radiant altar of Vehumet.
 49339 | Vaults:4 | Got a heavily runed hat
 49350 | Vaults:4 | Identified the +0 hat "Voemniph" {*Slow +Inv rElec Regen+}
                  | (You found it on level 4 of the Vaults)
 49381 | Vaults:4 | Identified the +1 robe of the Loofah {Harm rPois Int+2}
 49579 | Vaults:4 | Got a glimmering hat
 49590 | Vaults:4 | Identified the cursed +0 hat of Dawn {rC+ Str+2 Int-5 SInv}
                  | (You found it on level 4 of the Vaults)
 49590 | Vaults:4 | Lost intelligence.
 49631 | Vaults:4 | Acquired the ring "Watouloc" {Str+7 Int+6}
 49698 | Vaults:5 | Entered Level 5 of the Vaults
 49760 | Crypt:1  | Entered Level 1 of the Crypt
 50098 | Orc:2    | Bought a potion of heal wounds for 225 gold pieces
 50907 | Crypt:1  | Reached XP level 24. HP: 93/249 MP: 22/22
 53418 | Crypt:3  | Entered Level 3 of the Crypt
 53570 | Crypt:3  | Found an ancient bone altar of Kikubaaqudgha.
 53829 | Crypt:3  | Found a staircase to the Tomb.
 53830 | Crypt:3  | Noticed a greater mummy
 53864 | Crypt:3  | Killed a greater mummy
 54808 | Crypt:3  | Found the +10 tower shield of Ignorance {rN+ Int-4}
 55093 | Crypt:3  | Noticed an ancient lich
 55111 | Crypt:3  | Killed an ancient lich
 55215 | Crypt:3  | Reached skill level 27 in Maces & Flails
 55600 | Crypt:3  | Identified the Incunabulum of Virous Companions
 55764 | Crypt:3  | Bought the amulet of the Four Winds {rN+ MR+++ Clar} for
                  | 439 gold pieces
 55764 | Crypt:3  | Found the amulet of the Four Winds {rN+ MR+++ Clar}
 55882 | Crypt:3  | Fell from the grace of Gozag
 55882 | Crypt:3  | Became a worshipper of Kikubaaqudgha
 56272 | Slime:1  | Entered Level 1 of the Pits of Slime
 56274 | Slime:1  | Gained mutation: Your magical capacity is low. (-10% MP) [a
                  | shining eye]
 56286 | Slime:1  | Gained mutation: Armour fits poorly on your strangely
                  | shaped body. [a shining eye]
 56290 | Slime:1  | Gained mutation: You are partially covered in rugged brown
                  | scales. (AC +1, +3% HP) [a shining eye]
 56298 | Slime:1  | Gained mutation: Your body sometimes deteriorates upon
                  | taking damage. [a shining eye]
 56299 | Slime:1  | Gained mutation: You are clumsy. (Dex -2) [a shining eye]
 56812 | Slime:2  | Gained mutation: Your body often deteriorates upon taking
                  | damage. [a shining eye]
 56816 | Slime:2  | Gained mutation: You are weak. (Str -2) [a shining eye]
 56821 | Slime:2  | Gained mutation: You are very weak. (Str -4) [a shining
                  | eye]
 56924 | Slime:2  | Lost mutation: You are partially covered in rugged brown
                  | scales. (AC +1, +3% HP) [potion of mutation]
 56924 | Slime:2  | Lost mutation: Armour fits poorly on your strangely shaped
                  | body. [potion of mutation]
 56924 | Slime:2  | Lost mutation: You are clumsy. (Dex -2) [potion of
                  | mutation]
 56924 | Slime:2  | Lost intelligence.
 56924 | Slime:2  | Gained mutation: You are dopey. (Int -2) [potion of
                  | mutation]
 56924 | Slime:2  | Gained mutation: You expend magic power (3 MP) to
                  | strengthen your wands. [potion of mutation]
 56927 | Slime:2  | Lost mutation: Your body often deteriorates upon taking
                  | damage. [potion of mutation]
 56927 | Slime:2  | Lost mutation: Your body sometimes deteriorates upon taking
                  | damage. [potion of mutation]
 56927 | Slime:2  | Lost mutation: You are dopey. (Int -2) [potion of mutation]
 56927 | Slime:2  | Lost mutation: You expend magic power (3 MP) to strengthen
                  | your wands. [potion of mutation]
 56927 | Slime:2  | Gained mutation: Your body sometimes deteriorates upon
                  | taking damage. [potion of mutation]
 56927 | Slime:2  | Gained mutation: Your spells are a little harder to cast,
                  | but a little more powerful. [potion of mutation]
 56928 | Slime:2  | Lost mutation: Your magical capacity is low. (-10% MP)
                  | [potion of mutation]
 56928 | Slime:2  | Lost mutation: Your body sometimes deteriorates upon taking
                  | damage. [potion of mutation]
 56928 | Slime:2  | Gained mutation: You occasionally shout uncontrollably at
                  | your foes. [potion of mutation]
 56928 | Slime:2  | Gained mutation: You tend to lose your temper in combat.
                  | [potion of mutation]
 56928 | Slime:2  | Gained mutation: You have large cloven feet. [potion of
                  | mutation]
 56928 | Slime:2  | Gained mutation: Your mind is acute. (Int +2) [potion of
                  | mutation]
 56933 | Slime:2  | Lost mutation: Your spells are a little harder to cast, but
                  | a little more powerful. [potion of mutation]
 56933 | Slime:2  | Lost mutation: You are very weak. (Str -4) [potion of
                  | mutation]
 56933 | Slime:2  | Lost mutation: You are weak. (Str -2) [potion of mutation]
 56933 | Slime:2  | Gained mutation: Your mind is very acute. (Int +4) [potion
                  | of mutation]
 56933 | Slime:2  | Gained mutation: You are weak. (Str -2) [potion of
                  | mutation]
 56933 | Slime:2  | Gained mutation: You evolve. [potion of mutation]
 57052 | Slime:3  | Gained mutation: You are very weak. (Str -4) [a shining
                  | eye]
 57075 | Slime:3  | Gained mutation: Your body sometimes deteriorates upon
                  | taking damage. [a shining eye]
 57078 | Slime:3  | Reached * piety under Kikubaaqudgha
 57078 | Slime:3  | Identified Kikubaaqudgha's Volume of Darkness
                  | (Kikubaaqudgha gifted it to you on level 3 of the Pits of
                  | Slime)
 57078 | Slime:3  | Received a gift from Kikubaaqudgha
 57079 | Slime:3  | Gained mutation: Your body often deteriorates upon taking
                  | damage. [a shining eye]
 57082 | Slime:3  | Reached XP level 25. HP: 241/257 MP: 22/22
 57772 | Slime:4  | Noticed Dissolution
 57785 | Slime:4  | Lost mutation: You evolve. [a shining eye]
 57785 | Slime:4  | Paralysed by a floating eye for 2 turns
 57788 | Slime:4  | Gained mutation: Your magical capacity is low. (-10% MP) [a
                  | shining eye]
 57791 | Slime:4  | Killed Dissolution
 58008 | Slime:5  | Entered Level 5 of the Pits of Slime
 58015 | Slime:5  | Reached ** piety under Kikubaaqudgha
 58043 | Slime:5  | Gained mutation: You are frail. (-10% HP) [a shining eye]
 58045 | Slime:5  | Gained mutation: You sometimes yell uncontrollably at your
                  | foes. [a shining eye]
 58090 | Slime:5  | Noticed the Royal Jelly
 58096 | Slime:5  | Gained mutation: You are clumsy. (Dex -2) [a shining eye]
 58104 | Slime:5  | HP: 10/231 [acid[the Royal Jelly] (5)]
 58104 | Slime:5  | Slain by an acid blob

Illustrated notes

Levels and vault maps discovered:
D:1:      lemuel_arrival_cross, layout_basic
D:2:      layout_basic, minmay_fountain_box
D:3:      layout_loops_ring, chequers_ecumenical_altar_simple, uniq_robin
D:4:      layout_rooms, minmay_temple_entry_junction_2, serial_shops,
          nicolae_shop_crystal, minmay_ruptured
D:5:      layout_loops_ring, kennysheep_nub, lemuel_blue_sif_altar,
          uniq_crazy_yiuf_cottage, uniq_prince_ribbit1
D:6:      kennysheep_big_flooded_room, layout_cave_pools
D:7:      wander_guarded_unrand_ratskin, layout_basic,
          nemelex_spade_bored_becter, uniq_pikel
D:8:      layout_basic, serial_shops, nicolae_shop_behind_doors,
          nicolae_shop_trees, shop, nemelex_xobeh_ov_fountains_minmay,
          uniq_joseph
D:9:      layout_stronghold, lemuel_crystal_altar, serial_shops, kennysheep_mini
D:10:     layout_irregular_city, statue_in_the_mist_lemuel, uniq_urug
D:11:     layout_stronghold, lair_entry_dummy, david_orc_2, serial_shops, shop
D:12:     layout_roguey
D:13:     layout_irregular_city, david_vaults_2
D:14:     layout_loops_ring, minmay_misc_feat_room
D:15:     hangedman_spin_cycle
Temple:   regret_index_temple_sigil_plot
Lair:1:   layout_regular_city, serial_bayou_shore_a
Lair:2:   layout_roguey
Lair:3:   layout_cellular_growth, dummy_spider_entry,
          grunt_forest_large_clearings, lemuel_fruit_fields
Lair:4:   beast_lair_carwin_large_4, layout_regular_city,
          skrybe_swamp_entry_bodies
Lair:5:   beast_lair_carwin_large_1, layout_regular_city, slime_altar_1,
          minmay_holes, lemuel_fruit_fields
Lair:6:   minmay_lair_end_enchanted_forest, layout_misc_corridors,
          infiniplex_staircase_pool
Swamp:1:  gammafunk_mikee_crab_dinner, layout_falls_marsh,
          hangedman_swamp_lotus, uniq_roxanne
Swamp:2:  layout_falls_marsh, evilmike_swamp_ruin_rubble_1, swamp_pool4
Swamp:3:  layout_basic_swamp, infiniplex_staircase_pool_2
Swamp:4:  grunt_swamp_rune_castle, layout_basic_swamp,
          portal_ice_cave_entry_pillars_three, uniq_aizul
Spider:1: layout_spider_delve, hangedman_spider_tarantella_strand
Spider:2: layout_spider_delve
Spider:3: layout_spider_delve
Spider:4: spider_rune_water, drop_trap, guppyfry_spider_mini_2
Slime:1:  layout_caves
Slime:2:  layout_caves
Slime:3:  layout_caves
Slime:4:  layout_caves, uniq_dissolution
Slime:5
Orc:1:    layout_diamond_mine, enter_bailey_3, minmay_orc_keep
Orc:2:    st_orc_congregation, layout_diamond_mine
Vaults:1: ebering_vaults_ghost_gozag, nicolae_vaults_little_squares_1,
          hangedman_vaults_unwind, ontoclasm_vaults_gallery,
          vaults_room_ringed_pool, v_misc_27, vaults_room_pools,
          grunt_vaults_hallway_short, ontoclasm_vaults_gateway,
          layout_vaults_quadrants, serial_shops, shop
Vaults:2: ebering_vaults_ghost_inner_flame, ontoclasm_vaults_shuriken,
          vaults_room_large_hall, grunt_vaults_diagonal, ontoclasm_vaults_chip,
          v_misc_27, nicolae_vaults_network_star, vaults_room_stairs_pillars,
          dpeg_vaults_pockets_of_resistance, ontoclasm_vaults_ring_small,
          layout_vaults_big_cross
Vaults:3: dpeg_vaults_monster_row, vaults_dpeg_encased_lava,
          grunt_vaults_trifunnel, v_misc_29, grunt_vaults_twisty,
          vaults_room_boxed, nicolae_vaults_network_square,
          minmay_crypt_entry_necro_gods, ontoclasm_vaults_fault, v_misc_15,
          nicolae_vaults_statue_guard, nicolae_vaults_little_squares_6,
          nicolae_vaults_rhombus_5, layout_vaults_ring, serial_shops,
          nicolae_shop_waterfront
Vaults:4: hangedman_vaults_corner_blocks, grunt_vaults_hallway_short,
          grunt_tower_of_power, nicolae_vaults_mini_display_case,
          vaults_dpeg_hooks, layout_vaults_big_room, serial_shops, shop
Vaults:5: serial_shops, uniq_bai_suzhen
Crypt:1:  hangedman_staggered_hall, layout_chaotic_city, nicolae_crypt_niches,
          st_shrine_of_skulls
Crypt:2:  layout_catacombs
Crypt:3:  evilmike_haunted_forest
Depths:1: layout_gridlike, chequers_serial_rivers_micro_b, serial_bayou,
          serial_bayou_pond_c, serial_bayou_crossing, serial_bayou_pond_e,
          serial_bayou_shore_b, serial_bayou_pond_a, pf_coc_iceberg,
          ashenzari_altar_1, minmay_shoptagon
Depths:2: minmay_the_grid_octo_tiled_squarecenter_mashed
          [minmay_the_grid_octo_clover_2, minmay_the_grid_octo_fan_narrow,
          minmay_the_grid_octo_thin_diamonds, minmay_the_grid_octo_concentric,
          minmay_the_grid_square_5x5_megaprize_crossed,
          minmay_the_grid_square_5x5_slash,
          minmay_the_grid_square_5x5_gyroscope,
          minmay_the_grid_square_5x5_checkered_sparse,
          minmay_the_grid_square_5x5_misaligned], layout_gridville,
          lightli_too_deep, serial_sigils_hangedman_quiver, abyss_entry,
          rand_demon_pan_entry_9, hangedman_decor_opposing, uniq_enchantress
Depths:3: vault_1, layout_basic, grunt_pan_entry_in_and_out, abyss_entry,
          grunt_hell_entry_dis_grunt, grunt_decor_mini_mirrors, serial_shops,
          shop, minmay_staircase_bubble, uniq_jory
Depths:4: evilmike_marble_ring, layout_cave_pools, enter_ziggurat_c,
          hangedman_abyss_entry_splay, hell_entry,
          infiniplex_enter_wizlab_water, nicolae_trove_entry_free_sample,
          minmay_misc_feat_columns
Depths:5: evilmike_zot_entry_diamond, layout_basic, hell_entry,
          grunt_pan_entry_spiral, serial_bayou_pond_d, kennysheep_random_hallway

Skill      XL: |  1  2  3  4  5  6  7  8  9 10 11 12 13 14 15 16 17 18 19 20 21 22 23 24 25 |
---------------+----------------------------------------------------------------------------+-----
Maces & Flails | 3 4 5 6 7 9 11 12 14 16 17 19 20 21 22 23 24 25 26 27 | 27.0
Armour         | 4 5 6 7 8 9 11 12 13 14 15 16 17 18 19 20 21 22 23 24 | 24.2
Shields        | 4 5 6 7 8 9 11 12 13 14 15 16 17 18 19 20 21 22 23 24 | 24.2
Fighting       | 4 5 6 7 8 9 11 12 13 14 15 16 17 20 22 24 25 26 27 | 27.0

Action                   |  1- 3 |  4- 6 |  7- 9 | 10-12 | 13-15 | 16-18 | 19-21 | 22-24 | 25-27 || total
-------------------------+-------+-------+-------+-------+-------+-------+-------+-------+-------++-------
Melee: Flail             |    57 |   198 |    94 |       |       |       |       |       |       ||   349
       Headbutt          |    14 |    35 |    44 |    93 |   231 |   393 |   465 |   717 |    57 ||  2049
       Morningstar       |       |       |   111 |   525 |  1136 |  1249 |  1212 |  1730 |       ||  5963
       Whip              |       |       |       |       |       |       |       |    77 |       ||    77
       Eveningstar       |       |       |       |       |       |       |       |   142 |   157 ||   299
Invok: Call Merchant     |       |       |       |     1 |     1 |       |       |     6 |       ||     8
Evoke: Wand              |       |       |       |       |     1 |       |     2 |     1 |       ||     4
  Use: Scroll            |       |       |    13 |     9 |     5 |    17 |    16 |    19 |     1 ||    80
       Potion            |       |       |       |       |       |     3 |     1 |    12 |       ||    16
 Stab: Distracted        |       |       |       |     5 |     8 |    20 |    12 |    24 |       ||    69
       Petrified         |       |       |       |       |     1 |       |       |    10 |       ||    11
       Held in net/web   |       |       |       |       |       |     2 |       |       |       ||     2
       Petrifying        |       |       |       |       |       |       |       |     1 |       ||     1
Armor: Scale mail        |    36 |    89 |    57 |    13 |       |       |       |       |       ||   195
       Plate armour      |       |       |       |   251 |   275 |       |       |       |       ||   526
       Crystal plate arm |       |       |       |       |   177 |   831 |   654 |   289 |       ||  1951
       Gold dragon scale |       |       |       |       |       |       |       |   578 |    75 ||   653
Dodge: Dodged            |    18 |    61 |    47 |   110 |   172 |   206 |   190 |   340 |    29 ||  1173
Block: Kite shield       |    26 |    92 |    92 |   358 |   664 |   912 |   851 |  1258 |       ||  4253
       Tower shield      |       |       |       |       |       |       |       |    83 |   205 ||   288

Table legend: (Time is in decaauts)
 A = Elapsed time spent in this place.
 B = Non-inter-level travel time spent in this place.
 C = Inter-level travel time spent in this place.
 D = Time resting spent in this place.
 E = Time spent auto-exploring this place.
 F = Levels seen in this place.
 G = Mean time per level.
                   A        B        C        D        E       F      G
               +--------+--------+--------+--------+--------+-----+--------+
         Total |  57225 |  52579 |   4646 |   5710 |  36397 |  52 | 1100.5 |
       Dungeon |  15200 |  13326 |   1874 |   1021 |  10203 |  15 | 1013.3 |
        Temple |    307 |    281 |     26 |      0 |    268 |   1 |  307.0 |
          Lair |   5936 |   5072 |    864 |    209 |   3926 |   6 |  989.3 |
         Swamp |   4579 |   4444 |    135 |    937 |   2661 |   4 | 1144.8 |
   Spider Nest |   4258 |   4096 |    162 |    341 |   3065 |   4 | 1064.5 |
    Slime Pits |   1772 |   1748 |     24 |    211 |   1229 |   5 |  354.4 |
  Orcish Mines |   2764 |   2499 |    265 |    547 |   1347 |   2 | 1382.0 |
        Vaults |   6228 |   5554 |    674 |     72 |   4018 |   5 | 1245.6 |
         Crypt |   5838 |   5523 |    315 |    848 |   3514 |   3 | 1946.0 |
        Depths |   9074 |   8772 |    302 |   1236 |   5631 |   5 | 1814.8 |
      Ice Cave |    541 |    541 |      0 |    117 |    191 |   1 |  541.0 |
        Wizlab |    721 |    721 |      0 |    170 |    342 |   1 |  721.0 |
               +--------+--------+--------+--------+--------+-----+--------+

Top non-repeatable levels by time:
 Crypt:3: 2423 daAuts
Depths:2: 2346 daAuts
Depths:3: 1899 daAuts
   Orc:1: 1823 daAuts
 Crypt:2: 1818 daAuts
Depths:5: 1815 daAuts
Depths:4: 1702 daAuts
Vaults:2: 1697 daAuts
Vaults:3: 1636 daAuts
     D:3: 1630 daAuts
 Crypt:1: 1595 daAuts
Vaults:1: 1579 daAuts
     D:5: 1573 daAuts
    D:11: 1413 daAuts
     D:2: 1369 daAuts
